Map: Submarine LE

Players

Warbex

  • Race: Terran Terran
  • Spawn Location: 5:00

ViBE - Winner!

  • Race: Terran Terran
  • League: Platinum
  • Spawn Location: 11:00

VOD

Have the link to the VOD?

Description

He max out a little later than normal, but the oponnent let him macro, and the timing seem good.

Time

  • Played on: April 1, 2021, 11:55 p.m.
  • Length: 12:54
Show
View Real Time Build Order
Export as new Build Order

Warbex Terran 

Build Orders:  

Get SALT Encoding   

  12  0:01  SCV  
  13  0:18  SCV, Supply Depot  
  14  0:38  SCV  
  14  0:39  Refinery  
  15  0:42  Barracks  
  15  0:50  SCV  
  16  1:02  SCV  
  17  1:17  Barracks  
  17  1:19  SCV  
  18  1:31  SCV  
  19  1:36  Barracks Reactor  
  19  1:43  Refinery  
  19  1:48  Orbital Command  
  19  2:03  Engineering Bay  
  19  2:08  Supply Depot  
  19  2:15  Factory, Marine x2  
  21  2:24  SCV  
  22  2:30  Missile Turret  
  22  2:40  Barracks Tech Lab  
  22  3:02  Command Center  
  22  3:10  Marauder  
  24  3:14  SCV  
  25  3:28  Bunker  
  25  3:35  Marauder  
  25  3:36  Marine  
  25  3:38  Marine  
  29  3:50  Terran Infantry Weapons Level 1  
  29  3:56  Factory Reactor  
  29  4:06  Armory, SCV  
  30  4:16  Orbital Command  
  30  4:31  Missile Turret  
  30  4:33  Refinery  
  30  4:34  SCV  
  31  4:39  Widow Mine  
  31  4:44  Widow Mine  
  35  4:47  SCV  
  36  4:55  Marine  
  36  4:56  Marine  
  36  4:57  Marauder  
  36  4:59  SCV  
  41  5:01  Widow Mine  
  43  5:21  Widow Mine  
  45  5:29  Terran Vehicle And Ship Armor Level 1  
  45  5:35  SCV  
  45  5:36  Starport  
  46  5:48  Supply Depot  
  46  5:49  Supply Depot x2  
  46  5:52  Refinery  
  46  6:09  SCV x2, Marine x3  
  51  6:21  SCV x2  
  51  6:23  Starport Tech Lab  
  51  6:25  Command Center  
  53  6:27  Marine  
  50  6:34  SCV x2  
  49  6:46  SCV x2  
  49  6:47  Widow Mine x2  
  55  6:52  Viking  
  57  6:58  SCV x2, Hi-Sec Auto Tracking  
  59  7:10  SCV x2  
  61  7:22  SCV x2  
  63  7:34  SCV  
  64  7:46  Viking  
  64  7:48  Orbital Command  
  66  7:56  Supply Depot  
  66  7:59  Terran Ship Weapons Level 1  
  66  8:07  Fusion Core  
  66  8:16  Starport  
  66  8:19  Supply Depot  
  66  8:21  Marine, Orbital Command  
  66  8:22  Marine x2  
  69  8:39  Marine x2  
  69  8:40  Marine  
  72  8:43  Supply Depot  
  72  8:51  Supply Depot  
  72  8:57  Marine x2  
  72  8:58  Marine  
  75  9:06  Supply Depot  
  75  9:15  Supply Depot, Marine x2  
  75  9:16  Marine  
  76  9:33  Marine  
  76  9:37  Command Center  
  76  9:38  Supply Depot  
  77  9:40  Starport  
  77  9:41  Starport Tech Lab  
  75  10:04  Supply Depot  
  75  10:08  Battlecruiser x2  
  87  10:16  Starport  
  87  10:17  Starport Tech Lab  
  87  10:26  SCV  
  88  10:38  SCV, Missile Turret  
  89  10:45  Marine  
  89  10:46  Marine x2  
  92  10:50  SCV  
  92  10:53  SCV  
  94  10:57  Starport Tech Lab  
  94  10:59  Sensor Tower  
  94  11:02  SCV  
  94  11:03  Marine  
  94  11:04  Marine x2  
  96  11:06  SCV  
  97  11:15  SCV  
  97  11:18  SCV  
  99  11:20  Battlecruiser  
  99  11:21  Battlecruiser x2, Marine  
  99  11:22  Marine x2  
  120  11:33  Widow Mine x2  
  120  11:39  Marine x3  
  79  11:57  Marine  
Show
View Real Time Build Order
Export as new Build Order

ViBE Terran - Winner!

Build Orders:  

Get SALT Encoding   

  12  0:00  SCV  
  13  0:12  SCV  
  14  0:18  Supply Depot  
  14  0:25  SCV  
  15  0:39  SCV  
  15  0:41  Barracks  
  16  0:45  Refinery  
  16  0:51  SCV  
  17  1:03  SCV  
  18  1:16  SCV  
  19  1:28  Orbital Command  
  19  1:29  Marine  
  20  1:39  Command Center  
  20  1:49  Marine  
  20  1:52  Supply Depot  
  21  1:54  SCV  
  22  2:07  Factory  
  22  2:11  SCV  
  23  2:21  Bunker, Barracks Reactor  
  23  2:23  SCV  
  24  2:35  SCV  
  25  2:47  SCV  
  26  2:52  Orbital Command  
  26  2:54  Factory Tech Lab  
  26  2:56  Barracks  
  26  2:58  Marine x2  
  26  2:59  SCV  
  29  3:08  Supply Depot  
  29  3:11  SCV  
  33  3:12  Siege Tank  
  33  3:16  Marine x2  
  33  3:19  SCV  
  36  3:23  SCV  
  36  3:25  Refinery  
  37  3:34  Marine x2  
  37  3:37  SCV x2  
  41  3:43  Supply Depot  
  41  3:45  Barracks Tech Lab  
  41  3:48  Starport  
  41  3:52  Marine x2  
  41  3:53  SCV x2  
  45  4:05  SCV x2  
  45  4:07  Marine  
  45  4:09  Marine  
  48  4:10  Marine  
  48  4:11  Supply Depot  
  48  4:15  Siege Tank  
  53  4:17  SCV x2  
  53  4:24  Starport Reactor, Supply Depot  
  55  4:26  Marine  
  55  4:27  Marine x2  
  55  4:29  SCV x2  
  60  4:35  Supply Depot  
  60  4:37  Supply Depot  
  60  4:41  SCV x2  
  60  4:44  Marine  
  63  4:46  Stimpack  
  63  4:53  SCV  
  63  4:54  SCV  
  65  5:00  Refinery x2  
  65  5:03  Engineering Bay x2, Marine x3  
  65  5:05  SCV  
  65  5:06  SCV, Medivac  
  72  5:18  SCV x2  
  74  5:22  Command Center  
  74  5:30  SCV, Siege Tank, Marine x3  
  74  5:35  Medivac  
  83  5:44  SCV x2  
  83  5:47  Terran Infantry Weapons Level 1  
  83  5:48  Marine x3  
  88  5:54  Barracks x2  
  88  5:56  SCV x2  
  90  5:59  Terran Infantry Armor Level 1  
  90  6:06  Marine x3  
  90  6:09  Supply Depot x2  
  93  6:14  Medivac x2  
  93  6:17  SCV  
  98  6:18  SCV  
  98  6:24  Marine x3  
  102  6:30  SCV  
  102  6:35  Orbital Command  
  93  6:40  Armory  
  93  6:41  SCV  
  93  6:42  SCV  
  93  6:43  Marine  
  93  6:44  Barracks Reactor x2, Marine  
  97  6:48  Medivac  
  97  6:49  Medivac  
  97  6:50  Orbital Command  
  97  6:54  SCV x2  
  102  6:55  Supply Depot  
  102  6:58  Supply Depot  
  103  7:06  SCV x2  
  105  7:16  SCV  
  105  7:18  SCV  
  105  7:19  SCV, Marine x3  
  111  7:23  Marine x4  
  111  7:26  Thor  
  111  7:28  Terran Vehicle Weapons Level 1  
  111  7:29  SCV  
  122  7:30  SCV  
  122  7:31  SCV  
  122  7:33  Refinery  
  122  7:36  Refinery  
  124  7:39  Command Center  
  124  7:41  Marine  
  124  7:42  Marine x3  
  124  7:43  Marine  
  129  7:44  Marine x2  
  129  7:47  SCV x3  
  129  7:51  Combat Shield  
  134  7:53  Terran Infantry Weapons Level 2  
  134  7:58  Terran Infantry Armor Level 2  
  134  7:59  SCV x3  
  134  8:03  Supply Depot  
  134  8:04  Supply Depot  
  137  8:10  Marine x7  
  144  8:17  SCV x3  
  147  8:25  Supply Depot  
  147  8:26  Supply Depot  
  147  8:27  Supply Depot  
  147  8:28  Marine x2  
  147  8:29  Supply Depot  
  149  8:34  Marine x3  
  149  8:35  Marine x2  
  149  8:36  Thor  
  149  8:37  Medivac  
  149  8:38  Medivac  
  164  8:45  Marine  
  164  8:47  Marine  
  166  8:52  Marine x3  
  166  8:53  Marine x2  
  159  8:59  Command Center  
  159  9:03  Barracks, Marine  
  159  9:05  Barracks x2  
  159  9:08  SCV x3, Barracks  
  159  9:09  Marine  
  164  9:10  Barracks, Marine x2  
  163  9:20  SCV x3  
  163  9:26  Marine x4  
  163  9:27  Thor  
  163  9:28  Medivac  
  172  9:38  Marine  
  172  9:39  Marine x2  
  172  9:42  SCV  
  172  9:43  SCV x2, Marine  
  172  9:44  Marine x2  
  181  9:49  Starport  
  181  9:51  Factory  
  181  9:54  SCV  
  181  9:55  SCV  
  181  9:58  Planetary Fortress  
  183  10:14  Barracks Reactor x2, Command Center  
  183  10:16  Barracks Reactor x3  
  183  10:17  Marine  
  183  10:18  Marine x5  
  189  10:23  Thor  
  195  10:34  Marine  
  196  10:36  Medivac x2  
  200  10:56  Factory Tech Lab  
  200  10:57  Starport Reactor  
  198  11:39  Marine x11  
  200  11:40  Marine  
  200  11:45  Planetary Fortress  
  185  11:56  Command Center  
  185  11:57  Marine x9  
  185  11:58  Command Center, Marine x4  
  198  12:04  Barracks  
  198  12:05  Barracks  
  198  12:07  Barracks x3  
  198  12:08  Barracks x2  
Tags
 
League
Platinum
Matchup
TvT
Player
ViBE
Race
Terran
Spawn Locations
Cross Positions
Add a new tag
Caveats
  • Supply blocks, unpowered buildings, or Contaminate may cause inaccurate times.
  • Supply counts are checked every 10 seconds.